Map: Симулякр РВ

Players

Firevino

  • Race: Protoss Protoss
  • League: Platinum
  • Spawn Location: 11:00

gotmilk - Winner!

  • Race: Zerg Zerg
  • League: Diamond
  • Spawn Location: 5:00

VOD

Have the link to the VOD?

Description

Time

  • Played on: May 27, 2020, 5:48 a.m.
  • Length: 4:06
Show
View Real Time Build Order
Export as new Build Order

Firevino Protoss 

Build Orders: Hatch First 

Get SALT Encoding   

  12  0:02  Probe  
  13  0:14  Probe  
  13  0:18  Pylon  
  14  0:26  Probe  
  15  0:39  Probe  
  15  0:40  Gateway  
  16  0:51  Probe (Chrono Boost)  
  16  0:53  Assimilator  
  17  1:03  Probe (Chrono Boost)  
  18  1:08  Probe (Chrono Boost)  
  19  1:17  Probe  
  20  1:29  Gateway, Probe  
  21  1:34  Assimilator  
  21  1:39  Pylon  
  21  1:55  Probe  
  22  2:07  Probe  
  23  2:19  Probe  
  24  2:26  Nexus  
  24  2:31  Pylon  
  24  2:32  Probe  
  25  2:38  Zealot  
  25  2:43  Cybernetics Core  
  27  2:44  Probe  
  28  2:56  Probe  
  29  3:06  Gateway  
  29  3:14  Zealot (Chrono Boost)  
  31  3:26  Adept (Chrono Boost)  
  33  3:33  Pylon  
Show
View Real Time Build Order
Export as new Build Order

gotmilk Zerg - Winner!

Build Orders:  

Get SALT Encoding   

  12  0:01  Drone  
  13  0:12  Overlord  
  13  0:17  Drone  
  14  0:30  Drone x2  
  14  0:34  Drone  
  17  0:54  Hatchery  
  17  0:56  Drone  
  17  0:58  Extractor  
  16  1:07  Drone  
  17  1:18  Spawning Pool  
  16  1:29  Drone x3  
  19  1:44  Drone  
  20  2:02  Overlord  
  20  2:04  Drone  
  20  2:05  Metabolic Boost  
  20  2:06  Queen  
  23  2:22  Zergling x4  
  25  2:23  Zergling x2  
  25  2:25  Queen  
  28  2:32  Drone x2  
  30  2:46  Zergling x6  
  33  3:06  Hatchery  
Tags
 
Add a new tag
Caveats
  • Supply blocks, unpowered buildings, or Contaminate may cause inaccurate times.
  • Supply counts are checked every 10 seconds.